Map: Automaton LE

Players

DaDumbDude

  • Race: Zerg Zerg
  • League: Master
  • Spawn Location: 9:00

EzRace - Winner!

  • Race: Terran Terran
  • League: Master
  • Spawn Location: 3:00

VOD

Have the link to the VOD?

Description

Time

  • Played on: Feb. 6, 2019, 6:35 a.m.
  • Length: 17:19
Show
View Real Time Build Order
Export as new Build Order

DaDumbDude Zerg 

Build Orders: Hatch First, Zergling Baneling 

Get SALT Encoding   

  12  0:01  Drone  
  13  0:12  Overlord  
  13  0:18  Drone  
  14  0:31  Drone x2  
  14  0:34  Drone  
  17  0:53  Hatchery  
  17  0:56  Drone  
  17  1:00  Drone  
  18  1:14  Extractor  
  18  1:16  Spawning Pool  
  16  1:19  Drone  
  16  1:23  Drone  
  18  1:33  Overlord  
  18  2:05  Zergling x4  
  18  2:06  Zergling x4  
  18  2:08  Queen  
  24  2:17  Zergling x2  
  24  2:19  Zergling x2  
  26  2:27  Zergling x2  
  26  2:29  Zergling x2  
  27  2:42  Zergling x2  
  27  2:45  Queen  
  27  2:47  Overlord  
  27  3:05  Zergling x4  
  27  3:15  Zergling x2  
  27  3:16  Zergling x10  
  33  3:23  Baneling Nest  
  32  3:30  Zergling x2  
  32  3:31  Zergling x2  
  34  3:35  Zergling x2  
  35  3:42  Overlord  
  35  4:00  Zergling x2  
  35  4:01  Zergling x6  
  39  4:13  Zergling x2  
  40  4:23  Baneling x7  
  40  4:24  Baneling  
  40  4:31  Drone  
  40  4:32  Drone x2  
  40  4:50  Zergling x10  
  36  4:55  Drone  
  36  4:56  Drone  
  35  5:03  Spore Crawler  
  34  5:07  Spore Crawler  
  32  5:14  Metabolic Boost  
  32  5:29  Spine Crawler  
  32  5:30  Roach Warren  
  32  5:34  Drone  
  31  5:35  Drone  
  31  5:40  Drone  
  34  5:42  Zergling x2  
  34  5:45  Zergling x2  
  34  5:49  Drone  
  35  6:09  Roach  
  35  6:10  Roach x3  
  42  6:16  Overlord  
  42  6:18  Drone  
  43  6:28  Drone  
  43  6:30  Drone  
  43  6:39  Drone x4  
  47  6:40  Drone  
  47  6:44  Drone  
  49  6:47  Overlord  
  49  6:55  Drone x2  
  49  6:58  Overlord  
  51  7:06  Drone  
  51  7:07  Drone x3  
  55  7:09  Drone  
  55  7:15  Overlord  
  55  7:31  Lair, Hatchery  
  54  7:37  Extractor  
  54  7:38  Drone x3  
  54  7:39  Extractor, Drone  
  54  7:41  Drone  
  54  7:43  Drone  
  58  7:49  Evolution Chamber  
  58  7:51  Drone, Evolution Chamber  
  57  7:53  Drone x2  
  57  7:55  Drone  
  60  7:59  Drone x2  
  60  8:05  Overlord  
  62  8:08  Drone x2  
  62  8:12  Drone x2  
  66  8:13  Extractor, Drone  
  66  8:17  Overlord  
  65  8:25  Zerg Ground Armor Level 1  
  65  8:26  Spore Crawler  
  64  8:29  Zerg Melee Weapons Level 1  
  64  8:42  Drone  
  64  8:43  Drone x4  
  69  8:51  Spore Crawler  
  69  8:52  Spire  
  67  8:57  Spore Crawler  
  67  9:01  Drone x5  
  67  9:02  Drone  
  72  9:05  Drone  
  72  9:06  Drone  
  72  9:09  Drone x2  
  76  9:11  Drone  
  75  9:25  Queen  
  75  9:29  Spore Crawler  
  74  9:35  Drone  
  74  9:37  Drone x10  
  83  9:41  Drone  
  83  9:44  Queen  
  85  9:46  Queen  
  86  10:13  Mutalisk  
  88  10:16  Overlord x3  
  88  10:24  Zerg Ground Armor Level 2  
  88  10:25  Zerg Melee Weapons Level 2  
  88  10:28  Centrifical Hooks  
  88  10:29  Zerg Flyer Weapons Level 1  
  88  10:30  Drone  
  88  10:31  Overlord  
  88  10:33  Extractor  
  88  10:35  Mutalisk  
  88  10:36  Mutalisk x3  
  88  10:38  Extractor  
  88  10:39  Mutalisk  
  88  10:42  Zergling x20  
  107  10:46  Overlord  
  107  10:50  Overlord  
  107  10:58  Hatchery  
  107  11:01  Zergling x12  
  107  11:02  Zergling x2  
  112  11:05  Baneling x7  
  112  11:06  Baneling  
  112  11:07  Baneling x2  
  112  11:08  Baneling  
  112  11:15  Zergling x12  
  118  11:21  Zergling x2  
  91  11:33  Zergling x16  
  91  11:36  Baneling x5  
  84  11:47  Zergling x12  
  90  11:56  Extractor  
  90  11:58  Extractor  
  90  12:00  Baneling x2  
  90  12:01  Baneling x3  
  88  12:02  Mutalisk x4  
  88  12:06  Zergling x2  
  97  12:12  Baneling x4  
  95  12:17  Zergling x4  
  88  12:28  Zergling x14  
  77  12:47  Zergling x8  
  77  12:48  Zergling x2  
  77  12:49  Mutalisk x3  
  87  12:57  Baneling x7  
  87  12:59  Baneling x3  
  87  13:07  Zergling x8  
  87  13:08  Zergling x10  
  95  13:20  Drone  
  95  13:21  Drone  
  95  13:25  Hatchery  
  96  13:31  Spore Crawler  
  96  13:32  Overseer  
  96  13:33  Hatchery  
  94  13:35  Drone x10  
  103  13:42  Zergling x8  
  103  13:43  Zergling x2  
  103  13:46  Baneling x3  
  103  13:47  Baneling x6  
  103  13:48  Baneling  
  108  13:50  Zergling x6  
  112  13:56  Zergling x4  
  113  14:05  Mutalisk x2  
  113  14:06  Mutalisk  
  119  14:14  Mutalisk  
  121  14:21  Overlord x3  
  121  14:22  Overlord  
  121  14:27  Hatchery  
  120  14:37  Zergling x2  
  121  14:41  Zergling x14  
  113  14:48  Baneling  
  113  14:49  Baneling x9  
  112  14:54  Zergling x2  
  112  14:55  Zergling x12  
  113  15:00  Zergling x6  
  100  15:11  Zergling x2  
  100  15:12  Zergling x4  
  97  15:21  Zergling x6  
  77  15:28  Mutalisk x3  
  77  15:29  Mutalisk x3  
  77  15:32  Baneling x4  
  77  15:33  Baneling x2  
  89  15:37  Mutalisk x3  
  89  15:40  Zergling x4  
  96  15:43  Zergling x2  
  96  15:44  Baneling x3  
  96  15:45  Baneling x2  
  96  15:46  Overseer  
  96  15:48  Zergling x2  
  98  15:51  Zergling x2  
  98  15:52  Zergling x2  
  98  15:55  Drone, Queen  
  103  15:58  Zergling x2  
  103  16:02  Mutalisk x3  
  104  16:20  Mutalisk x3  
  103  16:43  Zergling x10  
  103  16:50  Zergling x2  
Show
View Real Time Build Order
Export as new Build Order

EzRace Terran - Winner!

Build Orders:  

Get SALT Encoding   

  12  0:01  SCV  
  13  0:13  SCV  
  14  0:19  Supply Depot  
  14  0:43  Barracks  
  14  0:49  SCV  
  15  0:55  Barracks  
  15  1:01  SCV  
  16  1:04  Refinery  
  16  1:13  SCV  
  17  1:25  SCV  
  18  1:30  Marine  
  19  1:40  Orbital Command, Bunker  
  19  1:42  Marine  
  20  1:49  Marine  
  21  2:00  Marine  
  21  2:06  Supply Depot  
  21  2:07  Marine  
  21  2:08  SCV  
  22  2:20  SCV  
  23  2:27  Marine, Factory  
  24  2:32  SCV  
  24  2:40  Marine  
  26  2:44  SCV  
  26  2:47  Marine  
  26  2:49  Refinery  
  27  2:56  SCV  
  24  3:08  SCV  
  21  3:15  Factory Reactor  
  21  3:17  Starport  
  21  3:20  SCV  
  22  3:32  SCV  
  23  3:35  Command Center  
  23  3:47  Supply Depot  
  23  3:52  Hellion x2  
  27  3:59  Starport Tech Lab  
  27  4:11  Engineering Bay  
  27  4:15  Hellion  
  27  4:16  Supply Depot  
  29  4:21  Hellion  
  31  4:26  Cloaking Field  
  31  4:37  Banshee  
  34  4:45  Hellion  
  36  4:51  Orbital Command  
  36  4:56  SCV  
  37  5:02  Barracks Tech Lab  
  37  5:04  Hellion  
  39  5:12  SCV  
  40  5:15  Hellion  
  40  5:20  Banshee  
  45  5:23  Marine  
  45  5:26  Orbital Command  
  46  5:30  Supply Depot  
  46  5:32  SCV  
  47  5:37  Hellion  
  49  5:44  Supply Depot  
  49  5:46  SCV  
  50  5:50  Stimpack  
  50  5:55  SCV  
  51  6:10  SCV  
  51  6:11  SCV  
  53  6:21  Supply Depot  
  53  6:22  SCV, Command Center  
  54  6:28  SCV  
  55  6:34  SCV  
  55  6:38  Marine  
  55  6:39  Starport Reactor, Factory Reactor  
  57  6:44  Barracks  
  57  6:46  Barracks  
  57  6:57  SCV, Engineering Bay  
  57  6:58  Engineering Bay  
  58  7:04  Supply Depot, SCV  
  58  7:05  Marine  
  60  7:12  Terran Infantry Weapons Level 1  
  60  7:14  SCV, Refinery  
  60  7:15  Supply Depot  
  61  7:20  SCV  
  62  7:24  Supply Depot  
  62  7:25  Marine  
  62  7:26  SCV  
  64  7:33  SCV  
  64  7:34  Marine x2  
  70  7:37  Siege Tank  
  70  7:38  SCV, Terran Infantry Armor Level 1  
  71  7:44  Supply Depot  
  71  7:45  SCV  
  71  7:50  SCV, Orbital Command  
  73  7:53  Marine x3  
  73  7:55  Combat Shield  
  73  7:57  Marine  
  77  7:59  SCV  
  77  8:02  Medivac  
  77  8:05  Medivac  
  82  8:06  Marine  
  82  8:10  SCV  
  84  8:15  Marine, Siege Tank  
  84  8:19  Marine x2, Orbital Command  
  90  8:28  Armory  
  90  8:33  Supply Depot  
  90  8:34  SCV x2  
  92  8:37  Medivac  
  92  8:38  Marine x2  
  96  8:48  Refinery  
  96  8:53  Marine x3  
  99  8:56  Marine, SCV x2  
  99  8:57  SCV  
  103  9:04  Marine  
  103  9:06  Siege Tank  
  103  9:08  SCV  
  108  9:11  Marine  
  108  9:13  SCV x2  
  111  9:17  Terran Infantry Weapons Level 2  
  111  9:21  SCV  
  112  9:25  SCV  
  112  9:28  SCV  
  114  9:35  Marine x2  
  114  9:36  Marine  
  117  9:38  SCV x2  
  117  9:40  SCV, Barracks  
  117  9:41  Medivac, Barracks  
  117  9:42  Medivac  
  124  9:52  Siege Tank  
  127  9:54  Supply Depot  
  127  9:55  Marine x3  
  130  10:01  SCV  
  131  10:12  Marine x2  
  131  10:13  Marine, Medivac x2  
  138  10:15  SCV x2  
  138  10:19  Refinery  
  140  10:23  SCV  
  140  10:26  Factory  
  140  10:27  SCV x2  
  143  10:29  Marine x2  
  143  10:30  Barracks Reactor x2  
  143  10:32  Terran Infantry Armor Level 2  
  145  10:41  Supply Depot  
  145  10:46  Siege Tank  
  145  10:47  Marine  
  149  10:52  Supply Depot  
  149  10:53  Marine x2, Supply Depot, SCV x2  
  149  10:54  Supply Depot  
  153  11:01  Marine x2, Command Center  
  155  11:04  Marine  
  155  11:07  Marine x3  
  155  11:08  Marine  
  160  11:11  Factory Tech Lab  
  160  11:12  Supply Depot  
  160  11:15  SCV x2  
  162  11:19  Terran Vehicle Weapons Level 1  
  160  11:28  Marine x2  
  160  11:29  Marine x4  
  160  11:30  Marine x2  
  160  11:31  Siege Tank x2  
  141  11:33  Medivac  
  141  11:34  SCV  
  144  11:41  Marine  
  144  11:43  Supply Depot, SCV  
  144  11:46  Marine x3  
  147  11:49  Marine x2  
  147  11:50  Marine x2  
  147  11:52  Missile Turret  
  151  11:55  Missile Turret  
  151  11:58  Marine, Missile Turret  
  151  12:00  Marine  
  153  12:04  Marine x3  
  153  12:07  Marine  
  157  12:09  Marine x2  
  157  12:10  Siege Tank  
  162  12:15  Marine  
  162  12:16  Marine  
  162  12:17  Siege Tank  
  167  12:23  Marine x2  
  167  12:24  Marine  
  167  12:26  SCV x2  
  167  12:27  Marine x3  
  163  12:47  Marine  
  163  12:48  Marine x4  
  163  12:49  Marine x2  
  167  12:53  Terran Infantry Armor Level 3, Barracks  
  167  12:55  Barracks x2  
  164  13:01  Terran Infantry Weapons Level 3  
  164  13:05  Marine x2  
  164  13:07  Marine  
  164  13:10  Concussive Shells  
  167  13:13  Marauder  
  167  13:14  Siege Tank  
  172  13:21  Siege Tank  
  172  13:26  Medivac x2  
  179  13:29  Marine x4  
  179  13:30  Marine  
  184  13:38  Terran Vehicle Weapons Level 2  
  184  13:41  Marauder  
  184  13:42  Barracks Tech Lab x3  
  184  13:47  Planetary Fortress  
  186  13:50  Missile Turret  
  186  14:01  Marauder x2  
  186  14:02  Marine x5  
  194  14:03  Marauder  
  197  14:29  Command Center  
  197  14:30  Command Center  
  190  14:46  Marine x3, Marauder  
  190  14:47  Marine, Marauder x2  
  200  14:59  Marine x4  
  184  15:10  Marine x4  
  184  15:11  Marauder x2  
  184  15:12  Siege Tank x2  
  185  15:31  Refinery  
  185  15:33  Refinery  
  185  15:45  Orbital Command  
  185  15:57  Marine x3, Marauder  
  185  15:58  Marauder  
  185  16:00  Command Center  
  185  16:02  Marine x3  
  185  16:03  Siege Tank  
  194  16:33  Planetary Fortress  
  194  16:34  Missile Turret  
  194  16:43  Marine  
  194  16:44  Marine x6  
  194  16:45  Marauder x2  
  198  16:52  Marauder x2  
  198  16:53  Marine  
Tags
 
Add a new tag
Caveats
  • Supply blocks, unpowered buildings, or Contaminate may cause inaccurate times.
  • Supply counts are checked every 10 seconds.